 Dungeon Crawl Stone Soup version 0.18.1-8-gdd0e5ea (webtiles) character file.

252 juanjsm the Changer (level 6, 0/38 HPs)
             Began as an Octopode Transmuter on June 8, 2016.
             Slain by an orc wizard
             ... wielding a +0 dagger
              (5 damage)
             ... on level 4 of the Dungeon.
             The game lasted 00:14:30 (3265 turns).

juanjsm the Changer (Octopode Transmuter)           Turns: 3265, Time: 00:14:31

Health: 0/38       AC:  4    Str:  9    XL:     6   Next: 14%
Magic:  8/9        EV: 11    Int: 18    God:
Gold:   189        SH:  0    Dex:  5    Spells: 3 memorised, 1 level left

rFire  + . .     SeeInvis .       - Unarmed
rCold  + . .     Gourm    .     (no shield)
rNeg   . . .     Faith    .     (helmet restricted)
rPois  +         Spirit   .     (no amulet)
rElec  +         Dismiss  .     v - ring of protection from magic
rCorr  +         Reflect  .     z - -4 ring of dexterity (curse)
SustAt .         Harm     .     A - +3 ring of protection
MR     +....                    E - -3 ring of dexterity (curse)
Stlth  ++........               (no ring)
                                (no ring)
                                (no ring)
                                (no ring)

@: resistant, flying, somewhat resistant to hostile enchantments, unstealthy
A: almost no armour, amphibious, 8 rings, constrict 8, camouflage 1, gelatinous
body 1
a: no special abilities


You were on level 4 of the Dungeon.
You were not hungry.

You visited 1 branch of the dungeon, and saw 4 of its levels.

You collected 189 gold pieces.

Inventory:

Hand Weapons
 j - a +0 hunting sling
 s - a +0 vampiric short sword
 u - a +3 dagger
 C - a +2 mace of protection
Missiles
 a - 54 arrows
 i - 7 poisoned needles
 k - 42 sling bullets (quivered)
 y - 3 needles of confusion
Jewellery
 v - a ring of protection from magic (left tentacle)
 z - a cursed -4 ring of dexterity (right tentacle)
 A - a +3 ring of protection (on tentacle)
 E - a cursed -3 ring of dexterity (on tentacle)
Scrolls
 d - a scroll of enchant weapon {unknown}
 g - 3 scrolls of random uselessness {unknown}
 l - a scroll of amnesia {unknown}
 m - a scroll of fog {unknown}
 o - 2 scrolls of recharging {unknown}
 p - 5 scrolls of remove curse
 t - a scroll of enchant armour {unknown}
 w - 2 scrolls of identify {unknown}
Potions
 e - a potion of resistance
 h - 3 potions of curing
 q - a potion of cure mutation {unknown}
 D - a potion of lignification {unknown}
Books
 b - a book of Changes

   Spells                             Type                      Level
   a - Beastly Appendage              Transmutation                1
   b - Sticks to Snakes               Transmutation                2
   c - Spider Form                    Transmutation/Poison         3
   d - Ice Form                       Ice/Transmutation            4
   e - Blade Hands                    Transmutation                5
 f - a Fen Folio

   Spells                             Type                      Level
   a - Corpse Rot                     Necromancy                   2
   b - Stone Arrow                    Conjuration/Earth            3
   c - Leda's Liquefaction            Hexes/Earth                  4
   d - Summon Forest                  Summoning/Translocation      5
   e - Hydra Form                     Transmutation                6
   f - Summon Hydra                   Summoning                    7
 x - a book of Clouds

   Spells                             Type                      Level
   a - Mephitic Cloud                 Conjuration/Poison/Air       3
   b - Conjure Flame                  Conjuration/Fire             3
   c - Poisonous Cloud                Conjuration/Poison/Air       6
   d - Freezing Cloud                 Conjuration/Ice/Air          6
   e - Ring of Flames                 Charms/Fire                  7
Comestibles
 c - 2 bread rations
 r - a meat ration
 B - 3 slices of pizza


   Skills:
 - Level 1.0 Fighting
 - Level 2.2 Dodging
 - Level 0.4 Stealth
 - Level 3.5 Unarmed Combat
 - Level 2.2 Spellcasting
 + Level 5.6 Transmutations


You had one spell level left.
You knew the following spells:

 Your Spells              Type           Power        Failure   Level  Hunger
a - Beastly Appendage     Trmt           ###...       1%          1    #......
b - Spider Form           Trmt/Pois      ##........   21%         3    ###....
c - Ice Form              Ice/Trmt       ##......     67%         4    #####..


Dungeon Overview and Level Annotations

Branches:
Dungeon (4/15)
 Temple: D:4-7

Altars:
Ashenzari
Cheibriados
Pakellas


Innate Abilities, Weirdness & Mutations

You cannot wear most types of armour.
You are amphibious.
You can wear up to eight rings at the same time.
You can use your tentacles to constrict eight enemies at once.
Your skin changes colour to match your surroundings (Stealth).
Your rubbery body absorbs attacks (AC +1).


Message History

The giant newt hisses menacingly.
The giant newt bites you.
* * * LOW HITPOINT WARNING * * *
The orc wizard hits you with a dagger.
* * * LOW HITPOINT WARNING * * *
Something hits you but does no damage.
Drink which item? (? for menu, Esc to quit)
It was a potion of resistance.
You feel protected. The orc wizard barely misses you. The giant newt bites you.
* * * LOW HITPOINT WARNING * * *
You hear some strange, mumbled words.
A puff of flame appears from out of thin air!
The puff of flame hits you! You resist.
* * * LOW HITPOINT WARNING * * *
Drink which item? (? for menu, Esc to quit)
It was a potion of flight.
You feel very buoyant.
You fly up into the air.
The orc wizard hits you with a dagger.
You die...

...# #.....# #......#
#### #.....# #......# #
#.....# #......#
#######.....####......#
.................(....#
..........######..%...#
......................#
########..#####ol{....##
..<....[........@.......
##....(....#####.)......
#######...#####........
########................
.......).#.###########..
.#########.# .
#.......#.#
#.#####'#.##########
#.####.............#


You could see an orc wizard and a giant newt.

Vanquished Creatures
  A hound (D:4)
  An orc priest (D:4)
  An orc wizard (D:4)
  Natasha (twice) (D:2)
  3 adders
  2 worms
  2 dart slugs (D:1)
  4 giant geckos
  11 orcs
  4 giant cockroaches
  7 goblins
  5 hobgoblins
  6 kobolds
  4 quokkas
  4 bats
  2 giant newts
  7 rats
66 creatures vanquished.

Notes
Turn   | Place    | Note
--------------------------------------------------------------
     0 | D:1      | juanjsm the Octopode Transmuter began the quest for the Orb.
     0 | D:1      | Reached XP level 1. HP: 13/13 MP: 3/3
   145 | D:1      | Reached XP level 2. HP: 16/18 MP: 3/5
   627 | D:1      | Reached XP level 3. HP: 21/23 MP: 4/6
   632 | D:1      | Learned a level 3 spell: Spider Form
  1231 | D:2      | Reached skill level 3 in Transmutations
  1414 | D:2      | Noticed Natasha
  1539 | D:2      | Killed Natasha
  1539 | D:2      | Reached XP level 4. HP: 28/28 MP: 2/7
  1638 | D:2      | Noticed Natasha
  1647 | D:2      | Killed Natasha
  1647 | D:2      | Reached skill level 4 in Transmutations
  2152 | D:3      | Reached XP level 5. HP: 12/33 MP: 4/8
  2469 | D:3      | Learned a level 4 spell: Ice Form
  2543 | D:3      | Found a snail-covered altar of Cheibriados.
  2544 | D:3      | Found a shattered altar of Ashenzari.
  2547 | D:3      | Found an oddly glowing altar of Pakellas.
  2802 | D:4      | Reached skill level 5 in Transmutations
  3156 | D:4      | Reached XP level 6. HP: 32/38 MP: 9/9
  3265 | D:4      | Slain by an orc wizard

Skill      XL: |  1  2  3  4  5 |
---------------+----------------+-----
Transmutations | 3 4 5 |  5.6
Fighting       | |  1.0
Dodging        | |  2.2
Stealth        | |  0.4
Unarmed Combat | |  3.5
Spellcasting   | |  2.2

Action                   |  1- 3 |  4- 6 || total
-------------------------+-------+-------++-------
Melee: Unarmed           |    74 |    93 ||   167
       Constrict         |    20 |    11 ||    31
       Kick              |    16 |    11 ||    27
       Tentacles         |     8 |     5 ||    13
       Punch             |     2 |       ||     2
 Fire: Hunting sling     |       |     2 ||     2
 Cast: Beastly Appendage |    16 |    13 ||    29
       Spider Form       |     1 |     4 ||     5
  Use: Scroll            |       |     1 ||     1
       Potion            |       |     3 ||     3
 Stab: Sleeping          |     6 |     1 ||     7
  Eat: Chunk             |     2 |     6 ||     8
Armor: Skin              |     3 |    12 ||    15
Dodge: Dodged            |    44 |    96 ||   140
